 Dungeon Crawl Stone Soup version 0.29.0-13-gc9e81de378 (webtiles) character file.

Game seed: 1196616634321520607

47 QueenGhuleh the Chopper (level 3, 0/33 HPs)
             Began as a Minotaur Berserker on Sept 8, 2022.
             Was a Believer of Trog.
             Slain by Sigmund
             ... wielding a +2 scythe of venom
              (14 damage)
             ... on level 3 of the Dungeon.
             The game lasted 00:02:47 (2187 turns).

QueenGhuleh the Chopper (Minotaur Berserker)        Turns: 2187, Time: 00:02:48

Health: 0/33       AC:  2    Str: 23    XL:     3   Next: 48%
Magic:  2/2        EV: 12    Int:  4    God:    Trog [**....]
Gold:   83         SH:  0    Dex:  9    Spells: 2/2 levels left

rFire   . . .      SeeInvis .   o - +0 war axe
rCold   . . .      Faith    .   (no shield)
rNeg    . . .      Spirit   .   b - +0 animal skin
rPois   .          Reflect  .   (helmet restricted)
rElec   .          Harm     .   (no cloak)
rCorr   .          Rampage  .   (no gloves)
Will    .....                   (no boots)
Stlth   +.........              (no amulet)
HPRegen 0.11/turn               k - +4 ring of slaying
MPRegen 0.08/turn               (no ring)

@: lethally poisoned (0 -> -12)
A: horns 2, retaliatory headbutt
a: Renounce Religion, Berserk, Trog's Hand


You were on level 3 of the Dungeon.
You worshipped Trog.
Trog was pleased with you.
You visited 1 branch of the dungeon, and saw 3 of its levels.

You collected 83 gold pieces.

Inventory:

Hand Weapons
 a - a +0 hand axe
 o - a +0 war axe (weapon)
Armour
 b - a +0 animal skin (worn)
Jewellery
 k - a +4 ring of slaying (left hand)
 p - an amulet of regeneration
Scrolls
 d - a scroll of identify {unknown}
 f - a scroll of enchant weapon {unknown}
 h - 2 scrolls of immolation {unknown}
 i - 2 scrolls of teleportation {unknown}
 j - a scroll of poison {unknown}
 l - a scroll of summoning {unknown}
 m - a scroll of noise {unknown}
 n - a scroll of fog {unknown}
 q - a scroll of silence {unknown}
Potions
 c - 3 potions of curing {unknown}
 e - a potion of lignification {unknown}
 g - a potion of ambrosia {unknown}
 r - a potion of heal wounds {unknown}


   Skills:
 + Level 4.3 Fighting
 + Level 4.5 Axes
 + Level 2.9 Armour
 + Level 2.4 Dodging
 + Level 0.1 Stealth


You had 2 spell levels left.
You didn't know any spells.
Your spell library was empty.

Dungeon Overview and Level Annotations

Branches:
Dungeon (3/15)

Altars:

Shops:
D:2 ?(([

Annotations:
D:3 Sigmund


Innate Abilities, Weirdness & Mutations

You have a pair of horns on your head.
You reflexively headbutt those who attack you in melee.


Message History

There is a stone staircase leading up here.
You enter the shallow water.
Moving in this stuff is going to be slow.
You enter the shallow water.
Moving in this stuff is going to be slow.
You enter the shallow water.
Moving in this stuff is going to be slow.
Done exploring.
Done exploring.
(D) Dungeon
Where to? (Enter - D:2, ? - help)
What level of the Dungeon? (default 1, ? - help)
There is a stone staircase leading down here.
You climb downwards.
Found 14 gold pieces and a leather armour.
There is a stone staircase leading up here.
An orc is nearby!
An orc is nearby!
Found a stone staircase leading up.
The orc shouts!
You hear a shout!
The orc hits you with a +0 dagger.
A hobgoblin comes into view.
You closely miss the orc. You headbutt the orc!
You kill the orc!
Trog accepts your kill.
Sigmund the Dreaded comes into view.
He is wielding a +2 scythe of venom and wearing a +0 robe of willpower.
Sigmund hits you from afar with a +2 scythe of venom.
You closely miss Sigmund.
Sigmund hits you with a +2 scythe of venom.
You are poisoned.
You barely miss Sigmund.
You feel very sick. Sigmund hits you but does no damage.
You are more poisoned.
You closely miss Sigmund. You slash the hobgoblin!
You kill the hobgoblin!
Trog accepts your kill.
You feel very sick.
Sigmund hits you with a +2 scythe of venom!
You die...

#### ...
..########
........#
#######@......#
......#@[...$.#
..............#
......).......###
......#..........
###...........#
##.<#.......#
##.#...<...# #
#########


You could see Sigmund.

Vanquished Creatures
  An adder (D:2)
  2 dart slugs (D:1)
  An orc (D:3)
  2 ball pythons
  3 endoplasms (D:1)
  A giant cockroach (D:1)
  A goblin (D:1)
  5 hobgoblins
  2 jackals (D:1)
  3 kobolds (D:1)
  2 quokkas (D:1)
  5 bats
  3 rats
31 creatures vanquished.

Notes
Turn   | Place    | Note
-------+----------+-------------------------------------------
     0 | D:1      | QueenGhuleh the Minotaur Berserker began the quest for the
                  | Orb.
     0 | D:1      | Reached XP level 1. HP: 19/19 MP: 0/0
   350 | D:1      | Reached XP level 2. HP: 22/27 MP: 1/1
   931 | D:1      | Reached XP level 3. HP: 26/33 MP: 2/2
  1296 | D:2      | Found a faded altar of an unknown god.
  1333 | D:2      | Found Velyulyi's Magic Scroll Shop.
  1380 | D:2      | Reached ** piety under Trog
  1489 | D:2      | Found Viblez's Antique Weapon Emporium.
  1539 | D:2      | Found Ocezot's Antique Weapon Shoppe.
  1626 | D:2      | Found Ricrisk's Armour Shop.
  2181 | D:3      | Noticed Sigmund
  2187 | D:3      | Slain by Sigmund

Illustrated notes

Levels and vault maps discovered:
D:1:      dpeg_arrival_lava_temple_mockup, layout_basic, minmay_misc_feat_tower,
          st_stairs_7, minmay_tiny_reverse_x
D:2:      layout_loops_ring, nicolae_ecumenical_lake_church, serial_shops,
          nicolae_diamond_shop, nicolae_shop_advertising_works
          [nicolae_subvault_shop_adworks],
          nicolae_shop_competitors_out_of_business, nicolae_shop_crystal,
          minmay_misc_feat_secret_circle
D:3:      layout_rooms, serial_corexii_hall, corexii_hall_statues_u,
          corexii_hall_statues_deadend, corexii_hall_statues_x,
          chequers_hall_statues_wall_a, chequers_hall_statues_corner_a,
          chequers_hall_statues_y, eino_curves_02, kennysheep_nub,
          roderic_batcave, minmay_crystal_water, minmay_misc_feat_diagonals,
          uniq_jessica, uniq_ijyb, uniq_sigmund, uniq_natasha

Skill      XL: |  1  2 |
---------------+-------+-----
Axes           | 4 |  4.5
Fighting       | 4 |  4.3
Armour         | |  2.9
Dodging        | |  2.4
Stealth        | |  0.1

Action                   || total
-------------------------++-------
Melee: Hand axe          ||    58
       Headbutt          ||    13
       War axe           ||     5
Armor: Animal skin       ||    10
Dodge: Dodged            ||    31
